 Dungeon Crawl Stone Soup version 0.27.0-1-g7a089689b8 (webtiles) character file.

Game seed: 12902201411697511924

153 horus123 the Firebug (level 5, -14/31 HPs)
             Began as an Octopode Fire Elementalist on Aug 1, 2021.
             Engulfed by a cloud of flame (16 damage)
             ... on level 2 of the Dungeon.
             The game lasted 00:15:07 (3485 turns).

horus123 the Firebug (Octopode Fire Elementalist)   Turns: 3485, Time: 00:15:10

Health: -14/31     AC:  1    Str:  7    XL:     5   Next: 35%
Magic:  7/9        EV: 13    Int: 24    God:
Gold:   66         SH:  0    Dex: 13    Spells: 1/9 levels left

rFire    . . .     SeeInvis .   b - +2 dagger (drain)
rCold    . . .     Faith    .   (no shield)
rNeg     . . .     Spirit   .   (helmet restricted)
rPois    +         Reflect  .   (no amulet)
rElec    .         Harm     .   c - +6 ring of intelligence
rCorr    .         Rampage  .   k - ring of poison resistance
Will     .....                  (no ring)
Stlth    +++.......             (no ring)
HPRegen  0.10/turn              (no ring)
MPRegen  0.11/turn              (no ring)
                                (no ring)
                                (no ring)

@: no status effects
A: almost no armour, amphibious, 8 rings, camouflage 1, gelatinous body 1,
(nimble swimmer 1), tentacles
a: no special abilities


You were on level 2 of the Dungeon.
You visited 1 branch of the dungeon, and saw 2 of its levels.

You collected 66 gold pieces.

Inventory:

Hand Weapons
 b - a +2 dagger of draining (weapon)
Missiles
 j - 6 silver boomerangs
Jewellery
 c - a +6 ring of intelligence (left tentacle)
 k - a ring of poison resistance (right tentacle)
Wands
 a - a wand of polymorph (12)
Scrolls
 f - 3 scrolls of teleportation
 m - a scroll of blinking {unknown}
Potions
 d - 3 potions of brilliance
 e - a potion of heal wounds {unknown}
 g - a potion of haste {unknown}
 h - a potion of degeneration {unknown}
 i - 2 potions of curing {unknown}
 l - a potion of ambrosia {unknown}


   Skills:
 + Level 0.1 Short Blades
 + Level 2.4 Dodging
 + Level 3.6 Stealth
 + Level 2.8 Spellcasting
 + Level 2.0 Conjurations
 + Level 0.6 Hexes
 + Level 4.3 Fire Magic


You had one spell level left.
You knew the following spells:

 Your Spells              Type           Power      Damage    Failure   Level
a - Foxfire               Conj/Fire      72%        2x1d7     3%          1
b - Inner Flame           Hex/Fire       15%        N/A       12%         3
c - Sticky Flame          Conj/Fire      18%        2d4       30%         4

Your spell library contained the following spells:

 Spells                   Type           Power      Damage    Failure   Level
 Conjure Flame            Conj/Fire      18%        6-21      9%          3
 Fireball                 Conj/Fire      9%         3d6       63%         5


Dungeon Overview and Level Annotations

Branches:
Dungeon (2/15)

Altars:


Innate Abilities, Weirdness & Mutations

You cannot wear most types of armour.
You are amphibious.
You can wear up to eight rings at the same time.
Your skin changes colour to match your surroundings (Stealth+).
Your rubbery body absorbs attacks. (AC +1, EV +1)
((You are camouflaged near water. (Stealth+)))
You have tentacles for arms and can constrict up to eight enemies at once.


Message History

Your Conjurations skill increases to level 2!
You start resting.
Magic restored.
You start resting.
HP restored.
There is an open door here.
There is an open door here.
There is a stone staircase leading down here.
There is an open door here.
There is an open door here.
Found a mace.
Found a runed translucent door.
You open the door.
Casting: Foxfire (safe; 3% risk of failure)
Confirm with . or Enter, or press ? or * to list all spells.
The spell is quite dangerous to cast (12% risk of failure)!
Continue anyway?
Aiming: Inner Flame (quite dangerous; 12% risk of failure)
Press: ? - help, Shift-Dir - straight line, f - Crazy Yiuf
Aim: Crazy Yiuf, wielding a +3 quarterstaff of chaos and wearing a +0 cloak (asleep, chance to affect: 77%) Crazy Yiuf shouts!
Crazy Yiuf is filled with an inner flame.
Crazy Yiuf laughs, "Cod mumblescurry forty-two!"
Crazy Yiuf whimpers, "Ghoul chair sizzlefizz!"
You conjure some foxfire!
The foxfire hits Crazy Yiuf but does no damage. x2
Crazy Yiuf sings, "Trees, trees, trees, circus!"
You conjure some foxfire!
The foxfire hits Crazy Yiuf.
Flame seeps out of Crazy Yiuf.
Crazy Yiuf is moderately wounded.
The foxfire hits Crazy Yiuf.
Flame seeps out of Crazy Yiuf.
Crazy Yiuf is heavily wounded.
Crazy Yiuf is engulfed in blazing flames.
Flame seeps out of Crazy Yiuf.
You hit Crazy Yiuf but do no damage. You drain Crazy Yiuf.
Crazy Yiuf explodes!
The fiery explosion engulfs you!!
Ouch! That really hurt!
* * * LOW HITPOINT WARNING * * *
You are engulfed in blazing flames.
Ouch! That really hurt!
You die...

#.######.#### #........#
########.# #.#
#########.# #.........#
########## #.######§§#
#........# ##.######.§#
#.######†# #........§@##
##.######.#
#..##.##....###......##.#
#................###.##.#
#..#####....####.# #.##.#
######..#####.#.##
#.###.##.#
#...##........#.#
#........#
##.#.....#######.#
#####.##### .....#####
##+## #.#...# .##..#
##...## #...#.#


There were no monsters in sight!

Vanquished Creatures
  Crazy Yiuf (D:2)
  Jessica (D:2)
  Natasha (D:2)
  4 adders (D:2)
  A worm (D:2)
  3 dart slugs
  3 ball pythons
  7 bats
  3 endoplasms
  2 giant cockroaches (D:2)
  5 hobgoblins
  2 jackals (D:2)
  3 quokkas (D:1)
  A frilled lizard (D:1)
  6 goblins
  7 kobolds
  5 rats
55 creatures vanquished.

Vanquished Creatures (others)
  103 foxfires
  3 fungi (D:2)
106 creatures vanquished.

Grand Total: 161 creatures vanquished

Notes
Turn   | Place    | Note
-------+----------+-------------------------------------------
     0 | D:1      | horus123 the Octopode Fire Elementalist began the quest for
                  | the Orb.
     0 | D:1      | Reached XP level 1. HP: 11/11 MP: 3/3
   310 | D:1      | Reached XP level 2. HP: 17/17 MP: 0/5
   984 | D:1      | Reached XP level 3. HP: 21/21 MP: 4/6
  1555 | D:2      | Learned a level 3 spell: Inner Flame
  1583 | D:2      | Found a faded altar of an unknown god.
  1665 | D:2      | Noticed Jessica
  1730 | D:2      | Killed Jessica
  1731 | D:2      | Reached XP level 4. HP: 13/27 MP: 4/7
  2344 | D:2      | Reached skill level 4 in Fire Magic
  2819 | D:2      | Reached XP level 5. HP: 24/31 MP: 2/8
  2887 | D:2      | Learned a level 4 spell: Sticky Flame
  3244 | D:2      | Noticed Natasha
  3249 | D:2      | Killed Natasha
  3450 | D:2      | Found a runed translucent door.
  3451 | D:2      | Noticed Crazy Yiuf
  3485 | D:2      | Killed Crazy Yiuf
  3485 | D:2      | Engulfed by a cloud of flame

Illustrated notes

Levels and vault maps discovered:
D:1:      eino_arrival_druids_welcome, layout_loops_ring, grunt_decor_fettered,
          minmay_heptomino_o4
D:2:      kennysheep_big_flooded_room, layout_loops_corners,
          chequers_ecumenical_altar_simple_redux, uniq_jessica,
          uniq_crazy_yiuf_cottage, uniq_natasha

Skill      XL: |  1  2  3  4  5 |
---------------+----------------+-----
Stealth        | 3 |  3.6
Fire Magic     | 4 |  4.3
Conjurations   | 2 |  2.0
Short Blades   | |  0.1
Dodging        | |  2.4
Spellcasting   | |  2.8
Hexes          | |  0.6

Action                   |  1- 3 |  4- 6 || total
-------------------------+-------+-------++-------
Melee: Dagger            |    11 |     9 ||    20
       Constrict         |     2 |     2 ||     4
       Tentacles         |     2 |     2 ||     4
 Cast: Foxfire           |    34 |    37 ||    71
       Inner Flame       |     2 |    11 ||    13
  Use: Scroll            |     5 |       ||     5
 Stab: Sleeping          |     1 |       ||     1
Armor: Skin              |     2 |     3 ||     5
Dodge: Dodged            |    10 |    27 ||    37
